 Dungeon Crawl Stone Soup version 0.28.0-1-gb440e238dd (webtiles) character file.

Game seed: 13626798669182636864

21 croobank the Insei (level 2, 0/18 HPs)
             Began as an Octopode Transmuter on Feb 21, 2022.
             Frozen to death by an endoplasm (1 damage)
             ... on level 2 of the Dungeon.
             The game lasted 00:01:14 (321 turns).

croobank the Insei (Octopode Transmuter)             Turns: 321, Time: 00:01:14

Health: 0/18       AC:  1    Str: 11    XL:     2   Next: 83%
Magic:  5/5        EV: 13    Int: 15    God:
Gold:   0          SH:  0    Dex: 12    Spells: 4/5 levels left

rFire   . . .      SeeInvis .   a - +4 dagger
rCold   . . .      Faith    .   (no shield)
rNeg    . . .      Spirit   .   (helmet restricted)
rPois   .          Reflect  .   (no amulet)
rElec   .          Harm     .   (no ring)
rCorr   .          Rampage  .   (no ring)
Will    .....      Clarity  +   (no ring)
Stlth   ++........              (no ring)
HPRegen 0.06/turn               (no ring)
MPRegen 0.09/turn               (no ring)
                                (no ring)
                                (no ring)

@: confused
A: almost no armour, amphibious, 8 rings, camouflage 1, gelatinous body 1,
(nimble swimmer 1), tentacles, tentacle spike 1, clarity, strong 1
a: no special abilities


You were on level 2 of the Dungeon.
You visited 1 branch of the dungeon, and saw 2 of its levels.

Inventory:

Hand Weapons
 a - a +4 dagger (weapon)
Missiles
 d - 6 stones
Jewellery
 e - a ring of magical power
Scrolls
 b - a scroll of enchant weapon {unknown}
Potions
 f - a potion of might {unknown}


   Skills:
 + Level 1.4 Fighting
 + Level 2.2 Dodging
 + Level 3.2 Unarmed Combat
 + Level 2.2 Spellcasting
 + Level 2.2 Transmutations


You had 4 spell levels left.
You knew the following spells:

 Your Spells              Type           Power      Damage    Failure   Level
a - Beastly Appendage     Tmut           16%        N/A       9%          1

Your spell library contained the following spells:

 Spells                   Type           Power      Damage    Failure   Level
 Wereblood                Tmut           8%         N/A       13%         2
 Spider Form              Tmut/Pois      5%         N/A       38%         3
 Dazzling Flash           Conj/Hex       2%         N/A       54%         3
 Ice Form                 Ice/Tmut       5%         N/A       80%         4
 Agony                    Necr           1%         N/A       99%         5
 Silence                  Hex/Air        0%         N/A       99%         5


Dungeon Overview and Level Annotations

Branches:
Dungeon (1/15)

Altars:
Elyvilon

Annotations:
D:2 Sigmund


Innate Abilities, Weirdness & Mutations

You cannot wear most types of armour.
You are amphibious.
You can wear up to eight rings at the same time.
Your skin changes colour to match your surroundings (Stealth+).
Your rubbery body absorbs attacks. (AC +1, EV +1)
((You are camouflaged when in or above water. (Stealth+)))
You have tentacles for arms and can constrict up to eight enemies at once.
One of your tentacles bears a spike.
You possess an exceptional clarity of mind.
Your muscles are strong. (Str +2)


Message History

You constrict the dart slug.
You kill the dart slug!
Found an escape hatch in the ceiling.
The gnoll completely misses you.
You see here a frilled lizard corpse.
You barely miss the gnoll. You grab the gnoll.
Your tentacle spike disappears.
You constrict the gnoll. The gnoll barely misses you.
You hit the gnoll. You squeeze the gnoll.
The gnoll is almost dead.
You constrict the gnoll. The gnoll hits you with a +0 club!
You hit the gnoll.
You kill the gnoll!
You see here a dart slug corpse.
You start resting.
A gnoll comes into view. It is wielding a +0 flail.
Sigmund the Dreaded comes into view.
He is wielding a +0 scythe.
You see here a ring of magical power.
e - a ring of magical power Sigmund shouts!
Sigmund screams, "You will never...
NEVER!!!"
You see here a ruby potion.
f - a ruby potion Sigmund casts a spell.
Sigmund flickers and vanishes!
Deactivating autopickup; reactivate with Ctrl-A.
Something tries to affect you, but you resist.
You are confused.
An endoplasm and a worm come into view.
Found a stone staircase leading down.
You bump into the rock wall.
The endoplasm quivers.
A magic dart appears from out of thin air!
The magic dart hits you!
* * * LOW HITPOINT WARNING * * *
It was a potion of mutation.
You feel extremely strange.
One of your lower tentacles grows a sharp spike.
You feel stronger.
Your thoughts seem clearer.
The endoplasm freezes you.
You are frozen.
You die...

...)††.....#
...##......# ..
#..._..####+##
.
#............#
##...........#
###.........#
########..#
##.# #@#
......J......w.
########.#.#..#
.. .. ... ..#
.... .# #...# #
.>#.


You could see a worm (asleep) and an endoplasm.

Vanquished Creatures
  A gnoll (D:2)
  A dart slug (D:2)
  3 endoplasms (D:1)
  A giant cockroach (D:1)
  A goblin (D:1)
  A frilled lizard (D:2)
  A kobold (D:1)
9 creatures vanquished.

Notes
Turn   | Place    | Note
-------+----------+-------------------------------------------
     0 | D:1      | croobank the Octopode Transmuter began the quest for the
                  | Orb.
     0 | D:1      | Reached XP level 1. HP: 13/13 MP: 3/3
   254 | D:1      | Reached XP level 2. HP: 18/18 MP: 3/5
   282 | D:1      | You fall into a shaft and drop 1 floor!
   282 | D:2      | Found a white marble altar of Elyvilon.
   303 | D:2      | Noticed Sigmund
   321 | D:2      | Gained mutation: One of your tentacles bears a spike.
                  | [potion of mutation]
   321 | D:2      | Gained mutation: Your muscles are strong. (Str +2) [potion
                  | of mutation]
   321 | D:2      | Gained mutation: You possess an exceptional clarity of
                  | mind. [potion of mutation]
   321 | D:2      | Frozen to death by an endoplasm

Illustrated notes

Levels and vault maps discovered:
D:1:      erik_arrival_orb_chamber, layout_basic, shapermc_ecumenical_altar_gd
D:2:      layout_basic, basic_altar, st_stairs_7, ebering_dispersal_statue_hall,
          uniq_sigmund

Action                   || total
-------------------------++-------
Melee: Unarmed           ||    11
       Kick              ||     5
       Constrict         ||     4
       Punch             ||     1
       Dagger            ||     6
       Tentacles         ||     2
 Cast: Beastly Appendage ||     5
  Use: Potion            ||     1
 Stab: Sleeping          ||     1
Armor: Skin              ||     2
Dodge: Dodged            ||     8
